 Dungeon Crawl Stone Soup version 0.21.1-1-g345015f (webtiles) character file.

2788 wojtek the Cleaver (level 9, -4/79 HPs)
             Began as a Minotaur Fighter on May 23, 2018.
             Was a Follower of Makhleb.
             Slain by an orc knight
             ... wielding a +0 halberd
              (23 damage)
             ... in a bailey.
             The game lasted 00:10:57 (6976 turns).

wojtek the Cleaver (Minotaur Fighter)               Turns: 6976, Time: 00:10:57

Health: -4/79      AC: 12    Str: 28    XL:     9   Next: 43%
Magic:  21/21      EV: 15    Int:  5    God:    Makhleb [*.....]
Gold:   202        SH: 11    Dex: 19    Spells: 8/8 levels left

rFire    . . .     SeeInvis .   B - -2 war axe (curse)
rCold    . . .     Gourm    .   c - +0 shield
rNeg     . . .     Faith    .   v - -1 chain mail (curse)
rPois    .         Spirit   .   (helmet restricted)
rElec    .         Reflect  .   (no cloak)
rCorr    .         Harm     .   j - +1 pair of gloves {Dex+3}
MR       .....                  (no boots)
Stlth    ..........             (no amulet)
HPRegen  0.23/turn              s - ring of magical power
MPRegen  0.17/turn              (no ring)

@: mighty, agile
A: retaliatory headbutt, horns 2
a: Renounce Religion


You were in a bailey.
You worshipped Makhleb.
Makhleb was aware of your devotion.
You were not hungry.

You visited 2 branches of the dungeon, and saw 9 of its levels.
You also visited: Bailey.

You collected 282 gold pieces.
You spent 80 gold pieces at shops.

Inventory:

Hand Weapons
 a - a +0 war axe
 B - a cursed -2 war axe (weapon)
Armour
 b - a +0 scale mail
 c - a +0 shield (worn)
 j - a +1 pair of gloves of dexterity (worn)
 t - a +1 scale mail of poison resistance
 v - a cursed -1 chain mail (worn)
Jewellery
 r - an uncursed amulet of faith {unknown}
 s - a ring of magical power (left hand)
 z - an uncursed amulet of the gourmand {unknown}
 C - an uncursed ring of protection from cold {unknown}
 E - a +2 ring of evasion {unknown}
Wands
 q - a wand of polymorph (10)
 H - a wand of digging (5)
Scrolls
 g - 6 scrolls of identify {unknown}
 i - a scroll of fear {unknown}
 l - a scroll of random uselessness {unknown}
 p - a scroll of teleportation
 w - 4 scrolls of remove curse {unknown}
 y - a scroll of enchant armour {unknown}
 A - a scroll of immolation {unknown}
 F - a scroll of amnesia {unknown}
Potions
 e - a potion of cancellation {unknown}
 k - a potion of ambrosia {unknown}
 m - 2 potions of agility
 n - 2 potions of flight {unknown}
 u - 2 potions of curing
 x - a potion of magic {unknown}
 D - a potion of degeneration {unknown}
 G - a potion of haste {unknown}
Comestibles
 f - 14 rations


   Skills:
 + Level 7.2 Fighting
 + Level 9.1 Axes
 + Level 7.3 Armour
 + Level 5.5 Dodging
 - Level 3.6 Shields
 * Level 5.4 Invocations


You had 8 spell levels left.
You didn't know any spells.

Dungeon Overview and Level Annotations

Branches:
Dungeon (8/15)             Temple (1/1) D:4
   Lair: D:8-11

Altars:
Ashenzari
Cheibriados
Dithmenos
Elyvilon
Fedhas
Gozag
Hepliaklqana
Kikubaaqudgha
Makhleb
Nemelex Xobeh
Okawaru
Qazlal
Sif Muna
Vehumet
Wu Jian
Xom
Yredelemnul
Zin
The Shining One

Shops:
D:6 !


Innate Abilities, Weirdness & Mutations

You reflexively headbutt those who attack you in melee.
You have a pair of horns on your head.


Message History

The orc warrior hits you!
* * * LOW HITPOINT WARNING * * *
Unknown command.
You feel much better. The orc warrior completely misses you.
The orc warrior hits you.
* * * LOW HITPOINT WARNING * * *
The orc knight hits you with a halberd!
* * * LOW HITPOINT WARNING * * *
You feel much better. The orc warrior hits you!
* * * LOW HITPOINT WARNING * * *
You block the orc warrior's attack. The orc knight barely misses you.
You hit the orc knight but do no damage.
Your headbutt misses the orc knight. You slice the orc warrior!!
You block the orc warrior's attack. x2; The orc knight completely misses you.
You slash the orc knight!
The orc knight is moderately wounded.
Your shield and chain mail prevent you from hitting the orc warrior.
You block the orc warrior's attack. x2
The orc knight hits you with a halberd!!
You die...

### ###
##∩###########.##
#.∩.##.....##..$#
..#().#..≈≈≈..#..!#
≈.).(...≈≈o≈≈.#oo?#
≈.......≈.oo≈.+.@.#
≈.......≈≈o≈≈.#(..#
..#...#..≈≈≈..#o.$#
.##...##.....##..$#
# ##∩###########.##
### ###


You could see an orc knight and 2 orc warriors.

Vanquished Creatures
  Grinder (D:4)
  A water moccasin (D:6)
  Duvessa (D:7)
  3 orc warriors
  2 ice beasts (D:6)
  A necrophage (D:7)
  2 phantoms
  2 ogres
  2 scorpions
  Dowan (D:7)
  8 wights
  2 howler monkeys
  5 crimson imps (D:5)
  A quasit (D:7)
  A bullfrog zombie (D:6)
  A centaur zombie (D:8)
  A jelly (D:7)
  3 orc priests
  3 hounds
  4 orc wizards
  A centaur skeleton (D:5)
  2 iguanas
  3 worker ants
  3 gnolls
  5 adders
  2 oozes
  An adder zombie (D:7)
  An adder skeleton (D:4)
  6 worms
  4 leopard geckos
  14 orcs
  4 bats
  2 giant cockroaches
  2 gnoll zombies (D:5)
  6 goblins
  3 hobgoblins
  9 jackals
  3 quokkas
  A ball python (D:3)
  3 frilled lizards (D:1)
  A jackal skeleton (D:6)
  6 kobolds
  A leopard gecko zombie (D:5)
  5 rats
133 creatures vanquished.

Notes
Turn   | Place    | Note
-------+----------+-------------------------------------------
     0 | D:1      | wojtek the Minotaur Fighter began the quest for the Orb.
     0 | D:1      | Reached XP level 1. HP: 19/19 MP: 0/0
    22 | D:1      | Found a shattered altar of Ashenzari.
    76 | D:1      | Reached skill level 3 in Axes
   201 | D:1      | Reached XP level 2. HP: 21/26 MP: 1/1
   641 | D:2      | Reached skill level 4 in Axes
   661 | D:2      | Found a radiant altar of Vehumet.
   734 | D:2      | Reached XP level 3. HP: 31/31 MP: 2/2
  1059 | D:3      | Reached skill level 5 in Axes
  1203 | D:3      | Reached XP level 4. HP: 10/39 MP: 3/3
  1637 | D:3      | Reached skill level 6 in Axes
  1672 | D:3      | Found a deep blue altar of Sif Muna.
  1957 | D:4      | Reached XP level 5. HP: 45/45 MP: 4/4
  2123 | D:4      | Noticed a phantom
  2144 | D:4      | Killed a phantom
  2144 | D:4      | Reached skill level 1 in Dodging
  2218 | D:4      | Found a glowing golden altar of the Shining One.
  2220 | D:4      | Noticed Grinder
  2236 | D:4      | Killed Grinder
  2236 | D:4      | Reached skill level 7 in Axes
  2236 | D:4      | Reached XP level 6. HP: 42/53 MP: 5/5
  2316 | D:4      | Found a staircase to the Ecumenical Temple.
  2321 | D:4      | Reached XP level 7. HP: 58/60 MP: 6/6
  2329 | Temple   | Entered the Ecumenical Temple
  2451 | D:4      | Reached skill level 5 in Fighting
  2451 | D:4      | Reached skill level 5 in Armour
  3123 | D:5      | Entered Level 5 of the Dungeon
  3349 | D:5      | Found a basalt altar of Yredelemnul.
  3446 | D:5      | Found a burning altar of Makhleb.
  3453 | D:5      | Became a worshipper of Makhleb the Destroyer
  3573 | D:5      | Reached skill level 1 in Invocations
  3606 | D:5      | Found a snail-covered altar of Cheibriados.
  3611 | D:5      | Reached skill level 8 in Axes
  3853 | D:5      | Reached XP level 8. HP: 50/70 MP: 6/8
  4927 | D:6      | Found an opulent altar of Gozag.
  5125 | D:6      | Found Uprur's Distillery.
  5136 | D:6      | Bought a potion of heal wounds for 50 gold pieces
  5136 | D:6      | Bought a potion of curing for 30 gold pieces
  5429 | D:7      | Found a blossoming altar of Fedhas.
  5503 | D:7      | Reached skill level 5 in Dodging
  5503 | D:7      | Reached XP level 9. HP: 78/78 MP: 11/11
  5512 | D:7      | Noticed Dowan
  5513 | D:7      | Noticed Duvessa
  5518 | D:7      | Killed Dowan
  5530 | D:7      | Killed Duvessa
  5530 | D:7      | Reached * piety under Makhleb
  5690 | D:7      | Found a shimmering altar of Xom.
  5701 | D:7      | Found a shimmering altar of Xom.
  5708 | D:7      | Found a shimmering altar of Xom.
  5988 | D:7      | Reached skill level 9 in Axes
  6090 | D:8      | Noticed a two-headed ogre
  6093 | D:8      | Reached skill level 5 in Invocations
  6606 | D:8      | Found a flagged portal.
  6615 | Bailey   | Entered a bailey
  6615 | Bailey   | Noticed an orc knight
  6624 | Bailey   | Noticed an orc knight
  6964 | Bailey   | Noticed an orc knight
  6976 | Bailey   | Slain by an orc knight

Skill      XL: |  1  2  3  4  5  6  7  8  9 |
---------------+----------------------------+-----
Axes           | 3 4 5 6 7 8 9 |  9.1
Fighting       | 4 5 6 7 |  7.2
Armour         | 4 5 6 7 |  7.3
Dodging        | 2 3 5 |  5.5
Invocations    | 1 4 5 |  5.4
Shields        | |  3.6

Action                   |  1- 3 |  4- 6 |  7- 9 || total
-------------------------+-------+-------+-------++-------
Melee: War axe           |    98 |    72 |   268 ||   438
       Headbutt          |    17 |    16 |    64 ||    97
  Use: Scroll            |       |       |     3 ||     3
       Potion            |       |       |     5 ||     5
  Eat: Chunk             |     1 |     4 |    12 ||    17
       Ration            |       |       |     1 ||     1
Armor: Scale mail        |    33 |    18 |    13 ||    64
       Chain mail        |       |       |   105 ||   105
Dodge: Dodged            |    27 |    27 |   120 ||   174
Block: Shield            |    57 |    28 |   134 ||   219
